 Dungeon Crawl Stone Soup version 0.22-a0-845-g8bfc27d406 (console) character file.

702884 Lexodia the Wrestler (level 27, -3/276 HPs)
             Began as a Troll Fighter on July 25, 2018.
             Was the Champion of Wu Jian.
             Killed by drain life
             ... invoked by a deathcap
             ... summoned by a curse toe
              (7 damage)
             ... on level 2 of the Realm of Zot on July 26, 2018.
             The game lasted 07:36:54 (58303 turns).

Lexodia the Wrestler (Troll Fighter)               Turns: 58303, Time: 07:36:59

Health: -3/276     AC: 36    Str: 39 (40) XL:     27
Magic:  0/33       EV: 19    Int:  7      God:    Wu Jian [******]
Gold:   4132       SH: 37    Dex:  9      Spells: 26/26 levels left

rFire    + + +     SeeInvis +     - Unarmed
rCold    + + .     Gourm    +   b - +10 large shield of Ignorance {rN+ Int-4}
rNeg     + . .     Faith    .   U - +5 gold dragon scales
rPois    +         Spirit   .   z - +0 mask of the Dragon {MR+ Slay+3 SInv}
rElec    +         Reflect  +   p - +2 cloak {MR+}
rCorr    +         Harm     .   (gloves unavailable)
MR       +++++     Rnd*Tele +   (boots unavailable)
Stlth    ..........             R - +4 amulet of reflection
HPRegen  0.96/turn              C - ring of Somef {Fire rElec MR+ Int+4 Stlth+}
MPRegen  0.23/turn              d - ring of Phasing {EV+8}

@: resistant, slowed, very slow
A: large, unfitting armour, claws 3, talons 1, cold resistance 1, fast
metabolism 3, gourmand, regeneration 1, shaggy fur 1, strong 1, teleportitis 1,
tough skin 2
}: 4/15 runes: serpentine, barnacled, silver, abyssal
a: Wall Jump, Serpent's Lash, Heavenly Storm, Renounce Religion


You were on level 2 of the Realm of Zot.
You worshipped Wu Jian.
Wu Jian was exalted by your worship.
You were completely stuffed.

You visited 10 branches of the dungeon, and saw 47 of its levels.
You visited the Abyss 5 times.
You also visited: Trove, Sewer, Ossuary and Bailey.

You collected 8252 gold pieces.
You spent 4120 gold pieces at shops.

Inventory:

Armour
 b - the +10 large shield of Ignorance (worn) {rN+ Int-4}
   (You found it in a treasure trove)

   It affects your intelligence (-4).
   It protects you from negative energy.
 l - the +7 large shield of Spring Thaw {rPois rC+}
   (You found it in a treasure trove)

   It protects you from cold.
   It protects you from poison.
 p - a +2 cloak of magic resistance (worn)
 y - the +0 large shield of the Learner {rF++ rN+ Dex-3}
   (You found it in a treasure trove)

   It affects your dexterity (-3).
   It greatly protects you from fire.
   It protects you from negative energy.
 z - the +0 mask of the Dragon (worn) {MR+ Slay+3 SInv}
   (You found it on level 5 of the Vaults)

   It affects your accuracy and damage with ranged weapons and melee attacks
   (+3).
   It affects your resistance to hostile enchantments.
   It lets you see invisible.
 U - +5 gold dragon scales (worn)
Jewellery
 d - the ring of Phasing (right claw) {EV+8}
   (You found it on level 3 of the Elven Halls)

   [ring of evasion]

   It affects your evasion (+8).
 h - the ring of Zoggoin {+Blink rElec Slay+3}
   (You took it off a spriggan berserker on level 2 of the Depths)

   [ring of slaying]

   It affects your accuracy and damage with ranged weapons and melee attacks
   (+3).
   It insulates you from electricity.
   It lets you blink.
 w - the ring "Quopah" {rC+ MP+9 Dex+2}
   (You found it on level 3 of the Elven Halls)

   [ring of magical power]

   It affects your dexterity (+2).
   It protects you from cold.
   It affects your magic capacity (+9).
 B - an uncursed ring of positive energy
 C - the ring of Somef (left claw) {Fire rElec MR+ Int+4 Stlth+}
   (You found it on level 3 of the Elven Halls)

   [ring of fire]

   It enhances your fire magic.
   It affects your intelligence (+4).
   It protects you from fire.
   It makes you vulnerable to cold.
   It insulates you from electricity.
   It affects your resistance to hostile enchantments.
   It makes you more stealthy.
 F - an uncursed ring of resist corrosion
 G - the amulet "Odghitz" {Acrobat Str+3 Dex+4}
   (You found it on level 4 of the Shoals)

   [amulet of the acrobat]

   It helps you evade while moving and waiting.
   It affects your strength (+3).
   It affects your dexterity (+4).
 M - the ring "Diucoklo" {+Fly rF+ rC+ Str-5}
   (You found it on level 3 of the Elven Halls)

   [ring of protection from fire]

   It affects your strength (-5).
   It protects you from fire.
   It protects you from cold.
   It lets you fly.
 R - a +4 amulet of reflection (around neck)
 S - the ring "Ragut" {rElec rF+ EV+2 Str+8 Int-5}
   (You found it on level 4 of the Snake Pit)

   [ring of evasion]

   It affects your evasion (+2).
   It affects your strength (+8).
   It affects your intelligence (-5).
   It protects you from fire.
   It insulates you from electricity.
Wands
 i - a wand of acid (38)
 D - a wand of digging (52)
 H - a wand of disintegration (35)
 I - a wand of clouds (2)
 J - a wand of scattershot (5)
 L - a wand of paralysis (49)
 O - a wand of flame (148)
 Q - a wand of polymorph (49)
 T - a wand of enslavement (20)
 V - a wand of iceblast (15)
Scrolls
 g - 22 scrolls of remove curse
 k - 11 scrolls of fear
 m - 6 scrolls of fog
 o - 28 scrolls of identify
 r - 5 scrolls of blinking
 u - 6 scrolls of magic mapping
 v - 22 scrolls of teleportation
 x - 5 scrolls of summoning
 W - 3 scrolls of holy word
 Y - 3 scrolls of brand weapon
Potions
 c - 11 potions of might
 e - 5 potions of brilliance
 f - 16 potions of curing
 j - 9 potions of agility
 n - 3 potions of haste
 s - 18 potions of flight
 A - 3 potions of resistance
 E - a potion of invisibility
 K - 6 potions of berserk rage
Miscellaneous
 q - a lightning rod (4/4)
 N - a phial of floods
 P - a lamp of fire
 X - a fan of gales
Comestibles
 a - 106 rations


   Skills:
 + Level 16.9 Fighting
 + Level 22.2 Armour
 + Level 12.6 Dodging
 + Level 15.4 Shields
 * Level 26.9 Unarmed Combat
 + Level 14.7 Evocations


You had 26 spell levels left.
You didn't know any spells.
Your spell library contained the following spells:

 Spells                   Type           Power        Failure   Level  Hunger
 Magic Dart               Conj           #...         94%         1    ##.....
 Fireball                 Conj/Fire      #.........   100%        5    ######.
 Apportation              Tloc           #.....       94%         1    ##.....
 Conjure Flame            Conj/Fire      #.......     100%        3    ####...
 Bolt of Fire             Conj/Fire      #.........   100%        6    #######
 Bolt of Cold             Conj/Ice       #.........   100%        6    #######
 Slow                     Hex            #.......     98%         2    ###....
 Confuse                  Hex            #.......     100%        3    ####...
 Freezing Cloud           Conj/Ice/Air   #.........   100%        6    #######
 Mephitic Cloud           Conj/Pois/Air  #.......     100%        3    ####...
 Ring of Flames           Chrm/Fire      #.........   100%        7    #######
 Teleport Other           Tloc           #.......     100%        3    ####...
 Death's Door             Chrm/Necr      #.........   100%        8    #######
 Summon Small Mammal      Summ           #...         94%         1    ##.....
 Blink                    Tloc           N/A          98%         2    ###....
 Iskenderun's Mystic Bla  Conj           #.......     100%        4    #####..
 Summon Horrible Things   Summ           #.........   100%        8    #######
 Animate Skeleton         Necr           N/A          94%         1    ##.....
 Haunt                    Necr/Summ      #.........   100%        7    #######
 Borgnjor's Revivificati  Necr           #.........   100%        8    #######
 Ozocubu's Refrigeration  Ice            #.........   100%        6    #######
 Summon Ice Beast         Ice/Summ       #.......     100%        4    #####..
 Ozocubu's Armour         Chrm/Ice       #.......     100%        3    ####...
 Call Imp                 Summ           #.......     98%         2    ###....
 Regeneration             Chrm/Necr      #.........   100%        3    ####...
 Sublimation of Blood     Necr           #.........   98%         2    ###....
 Tukima's Dance           Hex            #.......     100%        3    ####...
 Summon Demon             Summ           #.........   100%        5    ######.
 Summon Greater Demon     Summ           #.........   100%        7    #######
 Corpse Rot               Necr           N/A          98%         2    ###....
 Stone Arrow              Conj/Erth      #.....       100%        3    ####...
 Recall                   Summ/Tloc      N/A          100%        3    ####...
 Statue Form              Tmut/Erth      #........    100%        6    #######
 Ice Form                 Ice/Tmut       #.......     100%        4    #####..
 Dragon Form              Tmut           #.........   100%        7    #######
 Necromutation            Tmut/Necr      #.........   100%        8    #######
 Shadow Creatures         Summ           N/A          100%        6    #######
 Confusing Touch          Hex            #.....       94%         1    ##.....
 Passwall                 Tmut/Erth      #.......     98%         2    ###....
 Ignite Poison            Fire/Tmut/Pois #.......     100%        3    ####...
 Call Canine Familiar     Summ           #.......     100%        3    ####...
 Ensorcelled Hibernation  Hex/Ice        #.....       98%         2    ###....
 Metabolic Englaciation   Hex/Ice        #.........   100%        5    ######.
 Summon Butterflies       Summ           #.......     94%         1    ##.....
 Silence                  Hex/Air        #.........   100%        5    ######.
 Corona                   Hex            #......      94%         1    ##.....
 Alistair's Intoxication  Tmut/Pois      #.......     100%        5    ######.
 Lee's Rapid Deconstruct  Erth           #.........   100%        5    ######.
 Sandblast                Erth           #.....       94%         1    ##.....
 Simulacrum               Ice/Necr       #.........   100%        6    #######
 Monstrous Menagerie      Summ           #.........   100%        7    #######
 Petrify                  Tmut/Erth      #.......     100%        4    #####..
 Passage of Golubria      Tloc           N/A          100%        4    #####..
 Malign Gateway           Summ/Tloc      #.........   100%        7    #######
 Leda's Liquefaction      Hex/Erth       #.........   100%        4    #####..
 Summon Hydra             Summ           #.........   100%        7    #######
 Darkness                 Hex            #.........   100%        6    #######
 Shroud of Golubria       Chrm/Tloc      #.........   98%         2    ###....
 Aura of Abjuration       Summ           #.........   100%        5    ######.
 Fulminant Prism          Conj/Hex       #.........   100%        4    #####..
 Dazzling Spray           Conj/Hex       #.....       100%        3    ####...
 Force Lance              Conj/Tloc      #.......     100%        4    #####..
 Infusion                 Chrm           #...         94%         1    ##.....
 Song of Slaying          Chrm           #.......     98%         2    ###....
 Spectral Weapon          Hex/Chrm       #.......     100%        3    ####...
 Searing Ray              Conj           #.....       98%         2    ###....
 Summon Forest            Summ/Tloc      #.........   100%        5    ######.
 Summon Lightning Spire   Summ/Air       #.......     100%        4    #####..
 Summon Guardian Golem    Hex/Summ       #.......     100%        3    ####...
 Summon Mana Viper        Hex/Summ       #.......     100%        5    ######.
 Hydra Form               Tmut           #.........   100%        6    #######
 Irradiate                Conj/Tmut      #.........   100%        5    ######.
 Gell's Gravitas          Tloc           #.........   100%        3    ####...
 Infestation              Necr           #.........   100%        8    #######
 Lesser Beckoning         Tloc           #.........   100%        3    ####...
 Poisonous Vapours        Pois/Air       #.....       98%         2    ###....
 Ignition                 Fire           #.........   100%        8    #######
 Borgnjor's Vile Clutch   Necr/Erth      #.........   100%        5    ######.


Dungeon Overview and Level Annotations

Branches:
Dungeon (15/15)            Temple (0/1) D:5            Lair (6/6) D:9
 Shoals (4/4) Lair:3        Snake (4/4) Lair:3        Slime (0/5) Lair:5
    Orc (2/2) D:10            Elf (3/3) Orc:2        Vaults (5/5) D:13
  Crypt (1/3) Vaults:2     Depths (5/5) D:15            Zot (2/5) Depths:5

Altars:
Cheibriados
Dithmenos
Elyvilon
Kikubaaqudgha
Makhleb
Nemelex Xobeh
Okawaru
Ru
Sif Muna
Trog
Uskayaw
Vehumet
Wu Jian
Xom
Zin
The Shining One
Beogh

Shops:
Orc:1 (   Orc:2 ?([*(   Elf:1 *[(   Shoals:4 **   Snake:3 [(   Vaults:2 *
Vaults:3 [   Depths:2 (

Portals:
Hell: Depths:1 Depths:2 Depths:3 Depths:4 Depths:5
Abyss: Depths:2 Depths:3 Depths:4
Pandemonium: Depths:3
Ziggurat: Depths:2

Annotations:
Elf:1 exclusion: Roxanne, Roxanne


Innate Abilities, Weirdness & Mutations

You are too large for most types of armour.
You have claws for hands.
Your metabolism is lightning-fast.
You like to eat raw meat.
Your natural rate of healing is unusually fast.
You are covered in fur. (AC +1)
You have very tough skin. (AC +2)
You have sharp toenails.
Your flesh is cold resistant. (rC+)
Your muscles are strong. (Str +2)
You are occasionally teleported next to monsters.


Message History

Your blink will be uncontrolled - continue anyway? [Y]es or [N]o only, please.
Your blink will be uncontrolled - continue anyway? [Y]es or [N]o only, please.
Your blink will be uncontrolled - continue anyway? [Y]es or [N]o only, please.
Your blink will be uncontrolled - continue anyway?
Okay, then.
Unknown command.
Okay, then.
Unknown command.
Unknown command.
Your blink will be uncontrolled - continue anyway?
The Orb prevents control of your translocation!
You escape the tentacled monstrosity's grasp.
You blink.
As you read the scroll of blinking, it crumbles to dust.
The ghost moth stares at you.
The deathcap draws from the surrounding life force!
You die...

... .# ..# <..#
#...# #...# ..#
#...## ....#
#...## ..[..#
#..@##
#.....#####...##
##......(.z....##
........f.fd....?
#...d.Dy..#..#..
#...ffyX###..#...#
#...ff§d.# ..# ###
##..ff.z..#..#
#...#.......#


You could see a tentacled monstrosity (dazed), a golden dragon (berserk), 2
draconians, a green draconian, a curse toe (dazed), a death cob (dazed), a ghost
moth (invisible), 5 deathcaps, a moth of wrath and 3 wandering mushrooms.

Vanquished Creatures
  A juggernaut (Depths:2)
  Boris (Vaults:2)
  Sojobo (Depths:3)
  Bai Suzhen (Vaults:5)
  Saint Roka (Depths:3)
  A caustic shrike (Depths:3)
  2 profane servitors
  8 golden dragons
  9 bone dragons
  the Enchantress (Depths:2)
  Nikola (Shoals:3)
  10 liches
  14 tentacled monstrosities
  2 hellephants
  Asterion (Depths:2)
  2 titans (Vaults:5)
  An eldritch tentacle (Abyss:1)
  3 deep elf blademasters
  A kraken (Shoals:1)
  3 quicksilver dragons
  2 deep elf master archers (Elf:3)
  Polyphemus (Shoals:2)
  5 sphinxes
  25 tentacled starspawn
  3 Executioners
  2 death cobs (Zot:1)
  A thorn hunter (Depths:2)
  10 storm dragons
  8 tengu reavers
  5 shadow dragons
  5 daevas
  7 draconian monks (Depths:5)
  7 nagarajas (Snake:4)
  5 fire giants
  The ghost of P0WERM0DE the Champion of Chaos, a journeyman DDFi of Makhleb (Snake:4)
  4 draconian knights
  An orc warlord (Vaults:1)
  6 iron dragons
  10 frost giants
  A draconian scorcher (Zot:1)
  2 ghost moths
  19 vault wardens
  3 cacodemons (Abyss:3)
  17 ironheart preservers
  3 deep elf sorcerers
  Louise (Depths:3)
  2 ghouls
  5 deep elf elementalists
  A balrug (Depths:1)
  Aizul (Vaults:1)
  An angel (Abyss:4)
  12 spriggan defenders
  5 war gargoyles (Vaults:5)
  3 entropy weavers
  17 stone giants
  3 reapers
  31 very ugly things
  3 green draconians
  3 vampire knights
  2 draconian annihilators
  10 deep elf demonologists
  A dire elephant (Abyss:1)
  4 red draconians
  7 purple draconians
  2 yellow draconians (Zot:1)
  A spark wasp (shapeshifter) (Vaults:1)
  6 black draconians
  An ettin (shapeshifter) (Depths:2)
  3 spark wasps
  19 ettins
  3 green deaths
  6 deep elf annihilators
  4 white draconians
  11 deep elf death magi
  Josephine (D:10)
  5 blizzard demons
  5 merfolk javelineers
  2 crystal guardians (Abyss:4)
  A quicksilver dragon zombie (Abyss:2)
  25 yaktaur captains
  2 eidola (Abyss:2)
  5 deep elf high priests
  30 vault guards
  9 merfolk impalers
  10 fire dragons
  3 jiangshi (Depths:1)
  3 great orbs of eyes (shapeshifter) (Abyss:4)
  13 ogre magi
  4 hydras
  15 naga warriors
  9 rakshasas
  10 great orbs of eyes
  10 ice dragons
  2 catoblepae
  6 spriggan air magi
  4 merfolk avatars
  Fannar (Orc:1)
  5 alligator snapping turtles
  Erica (D:10)
  37 two-headed ogres
  20 anacondas
  31 dancing weapons
  5 death knights
  14 centaur warriors
  10 satyrs
  9 deep troll shamans
  6 death yaks
  9 deep troll earth magi
  The ghost of yrara the Skirmisher, a novice DsFi of Gozag (Orc:1)
  7 tengu warriors
  A hell hog (Abyss:4)
  5 orc high priests
  11 naga sharpshooters
  An alligator (Lair:4)
  52 thrashing horrors
  2 vampire magi
  9 spriggan berserkers
  3 sun demons
  Urug (D:14)
  5 shock serpents
  23 wretched stars
  13 deep elf knights
  The ghost of Lexodia the Grappler, a novice TrFi of Uskayaw (D:8)
  2 soul eaters
  4 iron trolls (Depths:5)
  3 fire crabs
  3 death drakes
  13 sixfirhies
  16 spatial maelstroms
  17 hell knights
  7 skeletal warriors
  6 salamander mystics
  A death drake (shapeshifter) (Vaults:5)
  14 unseen horrors
  11 flayed ghosts
  4 shadow wraiths
  9 glowing orange brains
  32 deep trolls
  10 sea snakes
  14 wizards
  18 deep elf archers
  3 shadow demons
  24 orc knights
  11 naga ritualists
  16 harpies
  4 lindwurms (Depths:5)
  16 ironbrand convokers
  A mana viper (shapeshifter) (D:13)
  A shadow dragon zombie (Abyss:3)
  A fire giant zombie (Depths:1)
  A wolf spider zombie (D:14)
  A golden dragon skeleton (Abyss:3)
  7 phantasmal warriors
  11 mana vipers
  8 necromancers
  A manticore (shapeshifter) (Depths:4)
  An oklob plant (Lair:1)
  5 wolf spiders
  11 worldbinders
  7 manticores
  31 fauns
  A frost giant zombie (Vaults:3)
  45 ugly things
  A sphinx skeleton (Vaults:3)
  15 salamanders
  57 deep elf magi
  5 elephants (Lair:5)
  40 black mambas
  9 guardian serpents
  6 moths of wrath (Zot:1)
  12 merfolk sirens
  12 cyclopes
  8 water nymphs
  6 apocalypse crabs
  3 guardian serpents (shapeshifter)
  A stone giant skeleton (Vaults:3)
  15 naga magi
  10 vault sentinels
  A dire elephant zombie (Abyss:2)
  A rust devil (Abyss:2)
  A water nymph (shapeshifter) (Vaults:5)
  3 molten gargoyles (Lair:6)
  3 centaur skeletons
  9 orange demons
  27 smoke demons
  A storm dragon simulacrum (Vaults:2)
  3 torpor snails
  12 komodo dragons
  A yaktaur zombie (Depths:1)
  10 spiny frogs
  A rime drake (Lair:1)
  3 hellions
  5 efreet
  A catoblepas zombie (Crypt:1)
  3 tormentors (Abyss:3)
  12 freezing wraiths
  3 demonic crawlers
  50 yaktaurs
  11 hellwings
  4 kobold demonologists
  A catoblepas skeleton (Abyss:2)
  A ghost moth simulacrum (Abyss:5)
  A yaktaur skeleton (Vaults:3)
  45 merfolk
  A tengu conjurer (Depths:1)
  A human skeleton (Vaults:3)
  A queen bee (shapeshifter) (Depths:1)
  3 ice devils
  22 ancient zymes
  9 trolls
  2 polar bears
  A harpy zombie (Abyss:4)
  9 wind drakes
  5 hornets
  Prince Ribbit (D:7)
  11 snapping turtles
  24 dream sheep
  A hippogriff (shapeshifter) (Abyss:4)
  41 blink frogs
  6 hippogriffs
  49 raiju
  2 stone giant simulacra
  A blink frog (shapeshifter) (Depths:4)
  A fire giant simulacrum (Abyss:1)
  26 slime creatures
  2 ice dragon zombies
  A harpy skeleton (Abyss:2)
  3 air elementals
  2 bog bodies (Crypt:1)
  An alligator skeleton (Abyss:4)
  9 flying skulls
  3 shadows
  3 spriggans
  19 ynoxinuls
  108 starcursed masses
  7 vampires
  3 redbacks (Vaults:3)
  11 water elementals
  4 wyverns
  An ice dragon skeleton (Abyss:3)
  A spriggan (shapeshifter) (Vaults:1)
  A wyvern (shapeshifter) (Vaults:2)
  50 yaks
  A tarantella (shapeshifter) (Depths:3)
  15 wraiths
  14 fire bats
  A golden eye (shapeshifter) (Abyss:4)
  A human (D:7)
  2 hungry ghosts (D:15)
  8 golden eyes
  6 basilisks
  5 fire elementals
  4 hogs (D:7)
  3 steam dragons (Lair:6)
  2 vampire mosquitoes (D:15)
  53 small abominations
  27 spatial vortices
  11 chaos spawn
  27 neqoxecs
  Menkaure (D:4)
  7 insubstantial wisps
  11 wargs
  54 nagas
  A soldier ant (D:15)
  6 acid dragons
  10 hell hounds
  18 water moccasins
  70 large abominations
  14 porcupines
  76 orc warriors
  5 swamp drakes (Depths:5)
  A spiny frog skeleton (Abyss:3)
  An ettin simulacrum (Abyss:4)
  2 black bears
  A floating eye (Depths:3)
  3 sky beasts
  A swamp drake (shapeshifter) (Vaults:5)
  7 ice beasts
  A sky beast (shapeshifter) (Vaults:1)
  4 ice dragon simulacra
  A necrophage (D:10)
  3 eyes of draining
  42 ogres
  3 phantoms
  15 boggarts
  18 centaurs
  9 wolves
  14 crocodiles
  Blork the orc (D:4)
  15 big kobolds
  14 bullfrogs
  A gnoll sergeant (D:7)
  8 earth elementals
  A wyvern skeleton (D:11)
  A scorpion (D:11)
  A spriggan zombie (Abyss:3)
  8 wights
  A wolf zombie (Crypt:1)
  3 electric eels
  A raiju skeleton (Crypt:1)
  14 crimson imps
  10 jellies
  4 centaur zombies
  5 lava snakes (Lair:6)
  An elf simulacrum (Abyss:3)
  10 quasits
  2 bullfrog zombies
  23 orc priests
  7 hounds
  5 iron imps
  Crazy Yiuf (D:3)
  4 iguanas
  Jessica (D:2)
  Natasha (thrice) (D:4)
  3 bullfrog skeletons
  19 orc wizards
  6 hell rats (Lair:6)
  Terence (D:2)
  9 worker ants
  A killer bee zombie (D:8)
  An ogre skeleton (Abyss:2)
  2 hound skeletons
  A worker ant zombie (Crypt:1)
  11 gnolls
  13 adders
  5 shadow imps
  5 white imps
  6 ufetubi
  8 oozes
  An adder skeleton (D:8)
  4 adder zombies
  A halfling skeleton (Crypt:1)
  2 dart slugs
  3 worms
  5 leopard geckos
  141 orcs
  5 bats
  19 giant cockroaches
  4 goblins
  10 hobgoblins
  12 jackals
  61 kobolds
  3 quokkas
  9 ball pythons
  4 frilled lizards
  A hobgoblin skeleton (Ossuary)
  A hobgoblin zombie (Ossuary)
  3 kobold zombies (Ossuary)
  An orc zombie (Ossuary)
  A quokka skeleton (D:8)
  11 rats
  6 crawling corpses
  3 fungi
  7 lurking horrors
  4 plants
  31 starspawn tentacles
  3 tentacles (Shoals:1)
3263 creatures vanquished.

Vanquished Creatures (collateral kills)
  A green draconian (Depths:5)
  A white draconian (Depths:5)
2 creatures vanquished.

Vanquished Creatures (others)
  A vault warden (Vaults:2)
  6 stone giants
  3 yaktaur captains
  An ogre mage (Vaults:1)
  A centaur warrior (Vaults:3)
  2 deep elf knights (Elf:1)
  A deep elf archer (Vaults:4)
  A deep elf mage (Vaults:5)
  A cyclops (Vaults:2)
  A vault sentinel (Vaults:5)
  17 yaktaurs
  A wind drake (Shoals:4)
  2 golden eyes
  A naga (Snake:3)
  A large abomination (Abyss:5)
  A boggart (Vaults:3)
  A small abomination (Abyss:4)
  A starcursed mass (Abyss:4)
  An ufetubus (Abyss:3)
  A bush (Lair:6)
  13 fungi
  5 lurking horrors
  60 plants
  73 starspawn tentacles
  5 tentacles (Shoals:1)
  3 toadstools (D:4)
204 creatures vanquished.

Grand Total: 3469 creatures vanquished

Notes
Turn   | Place    | Note
-------+----------+-------------------------------------------
     0 | D:1      | Lexodia the Troll Fighter began the quest for the Orb.
     0 | D:1      | Reached XP level 1. HP: 22/22 MP: 0/0
    83 | D:1      | Reached XP level 2. HP: 28/29 MP: 1/1
   179 | D:2      | Noticed Terence
   194 | D:2      | Killed Terence
   194 | D:2      | Reached skill level 3 in Unarmed Combat
   194 | D:2      | Reached XP level 3. HP: 23/36 MP: 2/2
   237 | D:2      | Noticed Jessica
   241 | D:2      | Killed Jessica
   241 | D:2      | Reached XP level 4. HP: 44/44 MP: 3/3
   291 | D:2      | Found a bloodstained altar of Trog.
   325 | D:2      | Reached skill level 4 in Unarmed Combat
   826 | D:3      | Reached XP level 5. HP: 49/50 MP: 4/4
  1002 | D:3      | Huge Dmg: 13 dmg
  1196 | D:3      | Reached skill level 5 in Unarmed Combat
  1244 | D:3      | Found a runed door.
  1573 | D:3      | Noticed Crazy Yiuf
  1578 | D:3      | Huge Dmg: 12 dmg
  1578 | D:3      | Killed Crazy Yiuf
  1630 | D:4      | Noticed Blork the orc
  1638 | D:4      | Killed Blork the orc
  1638 | D:4      | Reached XP level 6. HP: 41/59 MP: 5/5
  1670 | D:4      | Huge Dmg: 24 dmg
  1674 | D:4      | Huge Dmg: 10 dmg
  1676 | D:4      | Huge Dmg: 8 dmg
  1720 | D:4      | Reached skill level 6 in Unarmed Combat
  1926 | D:4      | Huge Dmg: 12 dmg
  1927 | D:4      | Huge Dmg: 14 dmg
  1940 | D:4      | Reached XP level 7. HP: 25/66 MP: 6/6
  2033 | D:4      | Noticed Menkaure
  2041 | D:4      | Killed Menkaure
  2045 | D:4      | Reached skill level 7 in Unarmed Combat
  2282 | D:5      | Entered Level 5 of the Dungeon
  2488 | D:6      | Reached skill level 5 in Shields
  2488 | D:6      | Reached XP level 8. HP: 74/74 MP: 7/7
  2528 | D:6      | Reached skill level 8 in Unarmed Combat
  2674 | D:5      | Found a staircase to the Ecumenical Temple.
  2693 | D:5      | Found a white marble altar of Elyvilon.
  2695 | D:5      | Found a hide-covered altar of Uskayaw.
  2698 | D:5      | Found an ancient bone altar of Kikubaaqudgha.
  2699 | D:5      | Found a glowing silver altar of Zin.
  2700 | D:5      | Found a burning altar of Makhleb.
  2700 | D:5      | Found an ornate altar of the Wu Jian Council.
  2710 | D:5      | Found a deep blue altar of Sif Muna.
  2713 | D:5      | Found a shadowy altar of Dithmenos.
  2714 | D:5      | Found a sacrificial altar of Ru.
  2715 | D:5      | Found a glowing golden altar of the Shining One.
  2716 | D:5      | Found a snail-covered altar of Cheibriados.
  2728 | D:5      | Became a worshipper of the Wu Jian Council
  2762 | D:5      | Huge Dmg: 15 dmg
  2765 | D:5      | Huge Dmg: 12 dmg
  2766 | D:5      | Huge Dmg: 14 dmg
  2929 | D:5      | Found a glowing drain.
  2938 | Sewer    | Entered a sewer
  2969 | Sewer    | Reached skill level 9 in Unarmed Combat
  3119 | Sewer    | Reached * piety under Wu Jian
  3689 | D:6      | Reached XP level 9. HP: 69/80 MP: 8/8
  3729 | D:6      | Found a shadowy altar of Dithmenos.
  3890 | D:7      | Reached skill level 10 in Unarmed Combat
  4043 | D:7      | Noticed Prince Ribbit
  4164 | D:7      | Found a sand-covered staircase.
  4183 | Ossuary  | Entered an ossuary
  4242 | Ossuary  | Reached ** piety under Wu Jian
  4327 | Ossuary  | Huge Dmg: 14 dmg
  4328 | Ossuary  | Huge Dmg: 27 dmg
  4333 | Ossuary  | Huge Dmg: 7 dmg
  4591 | D:7      | Huge Dmg: 20 dmg
  4634 | D:7      | Reached skill level 11 in Unarmed Combat
  4866 | D:7      | Huge Dmg: 26 dmg
  4875 | D:7      | Huge Dmg: 8 dmg
  4877 | D:7      | Huge Dmg: 11 dmg
  4880 | D:7      | Huge Dmg: 6 dmg
  4885 | D:7      | Huge Dmg: 4 dmg
  5483 | D:4      | Noticed Natasha
  5487 | D:4      | Killed Natasha
  5655 | D:4      | Noticed Natasha
  5667 | D:4      | Killed Natasha
  5990 | D:4      | Noticed Natasha
  5998 | D:4      | Killed Natasha
  6438 | D:7      | Killed Prince Ribbit
  6438 | D:7      | Reached XP level 10. HP: 79/88 MP: 9/9
  6522 | D:8      | Found a runed gate.
  6523 | D:8      | Found a runed gate.
  6523 | D:8      | Found a runed gate.
  6530 | D:8      | Noticed Lexodia's ghost (novice TrFi)
  6678 | D:8      | Noticed a two-headed ogre
  6714 | D:8      | Huge Dmg: 22 dmg
  6715 | D:8      | Killed a two-headed ogre
  6715 | D:8      | Reached skill level 12 in Unarmed Combat
  7062 | D:8      | Noticed a two-headed ogre
  7070 | D:8      | Killed a two-headed ogre
  7175 | D:9      | Found an iron altar of Okawaru.
  7334 | D:9      | Reached *** piety under Wu Jian
  7334 | D:9      | Reached skill level 13 in Unarmed Combat
  7608 | D:9      | Found a staircase to the Lair.
  7614 | D:9      | Huge Dmg: 23 dmg
  7617 | D:9      | Huge Dmg: 11 dmg
  7618 | D:9      | Huge Dmg: 9 dmg
  8012 | D:10     | Entered Level 10 of the Dungeon
  8093 | Lair:1   | Entered Level 1 of the Lair of Beasts
  8096 | Lair:1   | Reached XP level 11. HP: 94/94 MP: 10/10
  8196 | Lair:1   | Huge Dmg: 16 dmg
  8197 | Lair:1   | Huge Dmg: 10 dmg
  8236 | Lair:1   | Reached skill level 14 in Unarmed Combat
  8332 | Lair:1   | Noticed an oklob plant
  8340 | Lair:1   | Huge Dmg: 19 dmg
  8345 | Lair:1   | Killed an oklob plant
  8750 | Lair:2   | Reached **** piety under Wu Jian
  9086 | Lair:2   | Noticed a catoblepas
  9096 | Lair:2   | Huge Dmg: 24 dmg
  9097 | Lair:2   | Huge Dmg: 15 dmg
  9104 | Lair:2   | Killed a catoblepas
  9123 | Lair:2   | Identified a scroll of acquirement
  9142 | Lair:2   | Gained mutation: Your body sometimes deteriorates upon taking damage. [potion of mutation]
  9142 | Lair:2   | Gained mutation: You have a pair of small horns on your head. [potion of mutation]
  9142 | Lair:2   | Gained mutation: Your spells are a little easier to cast, but a little less powerful. [potion of mutation]
  9142 | Lair:2   | Gained mutation: You have sharp toenails. [potion of mutation]
  9143 | Lair:2   | Lost mutation: You have sharp toenails. [potion of mutation]
  9143 | Lair:2   | Lost mutation: Your spells are a little easier to cast, but a little less powerful. [potion of mutation]
  9143 | Lair:2   | Lost mutation: You have a pair of small horns on your head. [potion of mutation]
  9143 | Lair:2   | Gained mutation: You possess an exceptional clarity of mind. [potion of mutation]
  9143 | Lair:2   | Gained mutation: You are weak. (Str -2) [potion of mutation]
  9143 | Lair:2   | Lost mutation: You possess an exceptional clarity of mind. [potion of mutation]
  9143 | Lair:2   | Gained mutation: You are partially covered in molten scales. (AC +2) [potion of mutation]
  9336 | Lair:4   | Noticed a death yak
  9336 | Lair:4   | Noticed a death yak
  9336 | Lair:4   | Noticed a death yak
  9357 | Lair:4   | Huge Dmg: 36 dmg
  9357 | Lair:4   | Killed a death yak
  9371 | Lair:4   | Reached skill level 1 in Armour
  9371 | Lair:4   | Reached XP level 12. HP: 48/107 MP: 11/11
  9374 | Lair:4   | Killed a death yak
  9374 | Lair:4   | Reached skill level 15 in Unarmed Combat
  9380 | Lair:4   | Huge Dmg: 14 dmg
  9381 | Lair:4   | Killed a death yak
  9409 | Lair:4   | Huge Dmg: 9 dmg
  9414 | Lair:4   | Huge Dmg: 9 dmg
  9507 | Lair:2   | Huge Dmg: 10 dmg
  9514 | Lair:2   | Huge Dmg: 8 dmg
  9521 | Lair:2   | Huge Dmg: 10 dmg
  9528 | Lair:2   | Huge Dmg: 7 dmg
 10002 | Lair:3   | Found a staircase to the Shoals.
 10002 | Lair:3   | Noticed a five-headed hydra
 10010 | Lair:3   | Reached skill level 10 in Shields
 10014 | Lair:3   | Killed a nine-headed hydra
 10233 | Lair:3   | Found a staircase to the Snake Pit.
 10758 | Lair:4   | Huge Dmg: 26 dmg
 10765 | Lair:4   | Huge Dmg: 25 dmg
 10768 | Lair:4   | Reached ***** piety under Wu Jian
 11058 | Lair:4   | Noticed an eight-headed hydra
 11059 | Lair:4   | Noticed an alligator
 11064 | Lair:4   | Killed a ten-headed hydra
 11065 | Lair:4   | Reached skill level 16 in Unarmed Combat
 11075 | Lair:4   | Killed an alligator
 11222 | Lair:4   | Reached XP level 13. HP: 82/117 MP: 12/12
 11381 | Lair:4   | Found a sacrificial altar of Ru.
 11841 | Lair:5   | Reached skill level 5 in Fighting
 11898 | Lair:5   | Found a staircase to the Slime Pits.
 12212 | Lair:5   | Reached skill level 5 in Armour
 12563 | Lair:6   | Entered Level 6 of the Lair of Beasts
 12640 | Lair:6   | Huge Dmg: 33 dmg
 12679 | Lair:6   | Huge Dmg: 11 dmg
 13439 | Lair:6   | Reached XP level 14. HP: 117/131 MP: 13/13
 13683 | Lair:6   | Found a large runed door.
 13684 | Lair:6   | Found a large runed door.
 14270 | D:10     | Found a staircase to the Orcish Mines.
 14356 | D:10     | Noticed Erica
 14365 | D:10     | Killed Erica
 14438 | D:10     | Noticed Josephine
 14451 | D:10     | Killed Josephine
 14464 | D:10     | Reached skill level 1 in Evocations
 15892 | D:12     | Found a flagged portal.
 15909 | Bailey   | Entered a bailey
 17580 | D:13     | Reached skill level 5 in Dodging
 17708 | D:13     | Found a gate to the Vaults.
 17923 | D:14     | Reached ****** piety under Wu Jian
 17926 | D:14     | Reached skill level 17 in Unarmed Combat
 18099 | D:14     | Noticed Urug
 18140 | D:14     | Killed Urug
 18155 | D:14     | Reached XP level 15. HP: 83/140 MP: 16/16
 18160 | D:14     | Huge Dmg: 42 dmg
 18699 | D:14     | Found a portal to a secret trove of treasure.
 18756 | D:15     | Entered Level 15 of the Dungeon
 18898 | D:15     | Huge Dmg: 14 dmg
 19057 | D:15     | Found an iron altar of Okawaru.
 19139 | D:15     | Found a staircase to the Depths.
 19552 | Depths:1 | Entered Level 1 of the Depths
 19562 | Depths:1 | Huge Dmg: 40 dmg
 19576 | Depths:1 | Huge Dmg: 17 dmg
 19589 | Depths:1 | Huge Dmg: 25 dmg
 19948 | Orc:1    | Entered Level 1 of the Orcish Mines
 19952 | Orc:1    | Noticed Fannar
 20004 | Orc:1    | Killed Fannar
 20092 | Orc:1    | Found Xetarch's Weapon Shoppe.
 20319 | Orc:1    | Found an iron altar of Okawaru.
 20327 | Orc:1    | Found a runed door.
 20330 | Orc:1    | Found a shimmering altar of Xom.
 20331 | Orc:1    | Noticed yrara's ghost (novice DsFi)
 20509 | Orc:1    | Killed yrara's ghost
 20557 | Orc:2    | Entered Level 2 of the Orcish Mines
 20866 | Orc:2    | Huge Dmg: 24 dmg
 20998 | Orc:2    | Found Yhe Qitt's Weapon Shop.
 20998 | Orc:2    | Found Befiowno's General Store.
 21011 | Orc:2    | Huge Dmg: 21 dmg
 21134 | Orc:2    | Bought a potion of mutation for 112 gold pieces
 21134 | Orc:2    | Lost mutation: Your body sometimes deteriorates upon taking damage. [potion of mutation]
 21134 | Orc:2    | Lost mutation: You are weak. (Str -2) [potion of mutation]
 21134 | Orc:2    | Gained mutation: You are partially covered in iridescent scales. (AC +2) [potion of mutation]
 21134 | Orc:2    | Lost mutation: You are partially covered in molten scales. (AC +2) [potion of mutation]
 21134 | Orc:2    | Gained mutation: Your mind is acute. (Int +2) [potion of mutation]
 21289 | Orc:2    | Found Lipreree's Antique Armour Shop.
 21383 | Orc:2    | Found a staircase to the Elven Halls.
 21391 | Orc:2    | Found Cukimm's Antique Weapon Shop.
 21391 | Orc:2    | Found Tullef's Magic Scroll Emporium.
 21402 | Orc:2    | Bought a scroll of enchant armour for 90 gold pieces
 21536 | Orc:2    | Found a roughly hewn altar of Beogh.
 21672 | Elf:1    | Entered Level 1 of the Elven Halls
 21685 | Elf:1    | Huge Dmg: 35 dmg
 21816 | Elf:1    | Reached XP level 16. HP: 126/152 MP: 18/18
 22030 | Elf:1    | Found a deep blue altar of Sif Muna.
 22095 | Elf:1    | Noticed a Tzitzimitl
 22099 | Elf:1    | Huge Dmg: 63 dmg
 22293 | Elf:1    | Identified the Reference Book on Creation
 22325 | Elf:1    | Got a pitted zirconium amulet
 22327 | Elf:1    | Identified the amulet "Lav Lueh" {RegenMP rPois SInv Stlth-} (You took it off a deep elf demonologist on level 1 of the Elven Halls)
 22401 | Elf:1    | Reached skill level 10 in Armour
 22441 | Elf:1    | Found Aquimibo's Antique Weapon Boutique.
 22568 | Elf:1    | Huge Dmg: 40 dmg
 22596 | Elf:1    | Found Huantup's General Store.
 22598 | Elf:1    | Found Noafuqit's Antique Armour Boutique.
 22618 | Elf:1    | Found a radiant altar of Vehumet.
 22853 | Elf:1    | Huge Dmg: 35 dmg
 22902 | Elf:1    | Noticed Roxanne
 22903 | Elf:1    | Huge Dmg: 30 dmg
 23217 | Elf:2    | Reached skill level 5 in Evocations
 23322 | Elf:3    | Entered Level 3 of the Elven Halls
 23417 | Elf:2    | Found a runed gate.
 23417 | Elf:2    | Found a runed gate.
 23418 | Elf:2    | Found a runed gate.
 23553 | Elf:2    | Cast into level 2 of the Abyss (long sword of distortion)
 23554 | Abyss:2  | Found a corrupted altar of Lugonu.
 23900 | Abyss:2  | Noticed a shadow dragon
 23907 | Abyss:2  | Huge Dmg: 54 dmg
 24043 | Abyss:2  | Noticed a tentacled starspawn
 24048 | Abyss:2  | Killed a tentacled starspawn
 24130 | Abyss:2  | Huge Dmg: 32 dmg
 24167 | Elf:2    | Escaped the Abyss
 24177 | Elf:2    | Huge Dmg: 22 dmg
 24178 | Elf:2    | Huge Dmg: 11 dmg
 24193 | Elf:2    | Huge Dmg: 22 dmg
 24612 | D:14     | You paid a toll of +4 ice dragon scales to enter a treasure trove
 24613 | Trove    | Entered a treasure trove
 24616 | Trove    | Found the +10 large shield of Ignorance {rN+ Int-4}
 24676 | Trove    | Got a faintly humming robe
 24687 | Trove    | Identified the cursed +0 robe "Jagamiaf" {Int+3 Slay+3} (You found it in a treasure trove)
 24689 | Trove    | Got a shadowed robe
 24700 | Trove    | Identified the +1 robe of Slovenliness {rElec rPois rCorr} (You found it in a treasure trove)
 24745 | Trove    | Got a shimmering large shield
 24756 | Trove    | Identified the +7 large shield of Spring Thaw {rPois rC+} (You found it in a treasure trove)
 24758 | Trove    | Got a spiked large shield
 24769 | Trove    | Identified the +0 large shield of the Learner {rF++ rN+ Dex-3} (You found it in a treasure trove)
 25247 | D:8      | Killed Lexodia's ghost
 25375 | Orc:2    | Bought a scroll of acquirement for 624 gold pieces
 25377 | Orc:2    | Got a sparkling pewter ring
 25378 | Orc:2    | Identified the ring of Valagg {Ice +Fly MR+} (You acquired it on level 2 of the Orcish Mines)
 25519 | Shoals:1 | Entered Level 1 of the Shoals
 25823 | Shoals:1 | Reached XP level 17. HP: 158/162 MP: 20/20
 25835 | Shoals:1 | Noticed a kraken
 25859 | Shoals:1 | Killed a kraken
 26511 | Shoals:2 | Noticed Polyphemus
 26620 | Shoals:2 | Killed Polyphemus
 26785 | Shoals:2 | Huge Dmg: 29 dmg
 26790 | Shoals:2 | Huge Dmg: 25 dmg
 27003 | Shoals:3 | Reached skill level 18 in Unarmed Combat
 27139 | Shoals:3 | Noticed Nikola
 27144 | Shoals:3 | Huge Dmg: 65 dmg
 27149 | Shoals:3 | Killed Nikola
 27429 | Shoals:4 | Entered Level 4 of the Shoals
 27486 | Shoals:4 | Huge Dmg: 17 dmg
 27521 | Shoals:4 | Got a barnacled rune of Zot
 27608 | Shoals:4 | Reached skill level 15 in Shields
 27687 | Shoals:4 | Reached XP level 18. HP: 173/174 MP: 21/21
 27712 | Shoals:4 | Huge Dmg: 36 dmg
 27947 | Shoals:4 | Got a translucent zirconium amulet
 28055 | Shoals:4 | Found Zeath's General Store.
 28056 | Shoals:4 | Found Cuudaete's Commerce Corner.
 28069 | Shoals:4 | Bought a scroll of blinking for 82 gold pieces
 28069 | Shoals:4 | Bought 2 potions of heal wounds for 110 gold pieces
 28069 | Shoals:4 | Bought a scroll of teleportation for 33 gold pieces
 28582 | Shoals:4 | Identified the amulet "Odghitz" {Acrobat Str+3 Dex+4} (You found it on level 4 of the Shoals)
 28814 | Snake:1  | Entered Level 1 of the Snake Pit
 28858 | Snake:1  | Reached skill level 10 in Fighting
 30371 | Snake:2  | You fall through a shaft!
 30616 | Snake:3  | Found a runed gate.
 30616 | Snake:3  | Found a runed gate.
 30616 | Snake:3  | Found a runed gate.
 30733 | Snake:3  | Found Marur's Antique Armour Shoppe.
 30740 | Snake:3  | Found Unogimos's Weapon Emporium.
 30917 | Snake:4  | Entered Level 4 of the Snake Pit
 31116 | Snake:2  | Reached XP level 19. HP: 155/184 MP: 23/23
 31414 | Snake:4  | Noticed P0WERM0DE's ghost (journeyman DDFi)
 31420 | Snake:4  | Found a transporter.
 31429 | Snake:4  | Found a transporter.
 31458 | Snake:4  | Killed P0WERM0DE's ghost
 31495 | Snake:4  | Got a translucent amber ring
 31499 | Snake:4  | Identified the ring "Ragut" {rElec rF+ EV+2 Str+8 Int-5} (You found it on level 4 of the Snake Pit)
 32031 | Snake:4  | Reached skill level 19 in Unarmed Combat
 32113 | Snake:4  | Got a serpentine rune of Zot
 32941 | Vaults:1 | Entered Level 1 of the Vaults
 32941 | Vaults:1 | Noticed Aizul
 32951 | Vaults:1 | Killed Aizul
 32958 | Vaults:1 | Huge Dmg: 31 dmg
 32962 | Vaults:1 | Huge Dmg: 44 dmg
 32974 | Vaults:1 | Huge Dmg: 21 dmg
 33224 | Vaults:1 | Reached skill level 10 in Dodging
 33617 | Vaults:1 | Upgraded the game from 0.22-a0-833-g8522bf8125 to 0.22-a0-845-g8bfc27d406
 33830 | Vaults:1 | Huge Dmg: 30 dmg
 33844 | Vaults:1 | Huge Dmg: 28 dmg
 33854 | Vaults:1 | Huge Dmg: 22 dmg
 33863 | Vaults:1 | Reached skill level 15 in Armour
 33864 | Vaults:1 | Reached XP level 20. HP: 83/196 MP: 25/25
 34213 | Vaults:1 | Huge Dmg: 40 dmg
 34516 | Vaults:1 | Huge Dmg: 33 dmg
 35509 | Elf:2    | Cast into level 2 of the Abyss (double sword of distortion)
 35537 | Abyss:2  | Found a burning altar of Makhleb.
 35623 | Abyss:2  | Noticed a bone dragon
 35633 | Abyss:2  | Killed a bone dragon
 35813 | Abyss:3  | Reached skill level 20 in Unarmed Combat
 35820 | Abyss:3  | Gained mutation: Your spells are a little easier to cast, but a little less powerful. [a neqoxec]
 35929 | Abyss:3  | Huge Dmg: 76 dmg
 35991 | Abyss:3  | Huge Dmg: 60 dmg
 36241 | Abyss:3  | Huge Dmg: 39 dmg
 36294 | Abyss:3  | Huge Dmg: 54 dmg
 36435 | Abyss:3  | Reached XP level 21. HP: 128/205 MP: 26/26
 36878 | Abyss:4  | Huge Dmg: 58 dmg
 36929 | Abyss:4  | Huge Dmg: 16 dmg
 37040 | Abyss:4  | Paralysed by accursed screaming for 1 turns
 37045 | Abyss:4  | Paralysed by accursed screaming for 1 turns
 37060 | Abyss:4  | Gained mutation: You are clumsy. (Dex -2) [a neqoxec]
 37079 | Abyss:4  | Paralysed by accursed screaming for 1 turns
 37193 | Abyss:4  | Lost mutation: Your mind is acute. (Int +2) [a neqoxec]
 37203 | Abyss:4  | Lost intelligence.
 37211 | Abyss:4  | Huge Dmg: 35 dmg
 37215 | Abyss:4  | Huge Dmg: 21 dmg
 37242 | Abyss:4  | Lost intelligence.
 37264 | Abyss:4  | Huge Dmg: 28 dmg
 37276 | Abyss:4  | Lost mutation: Your spells are a little easier to cast, but a little less powerful. [potion of mutation]
 37276 | Abyss:4  | Gained mutation: You are dopey. (Int -2) [potion of mutation]
 37276 | Abyss:4  | Gained mutation: Your spells are a little harder to cast, but a little more powerful. [potion of mutation]
 37276 | Abyss:4  | Gained mutation: You are resistant to hostile enchantments. (MR+) [potion of mutation]
 37277 | Abyss:4  | Lost mutation: Your spells are a little harder to cast, but a little more powerful. [potion of mutation]
 37277 | Abyss:4  | Lost mutation: You are dopey. (Int -2) [potion of mutation]
 37277 | Abyss:4  | Gained mutation: You expend magic power (3 MP) to strengthen your wands. [potion of mutation]
 37284 | Abyss:4  | Huge Dmg: 16 dmg
 37294 | Abyss:4  | Huge Dmg: 16 dmg
 37316 | Abyss:4  | Lost intelligence.
 37514 | Abyss:4  | Noticed an ancient lich
 37625 | Abyss:4  | Huge Dmg: 23 dmg
 37704 | Abyss:4  | Huge Dmg: 21 dmg
 37710 | Abyss:4  | Huge Dmg: 14 dmg
 37715 | Abyss:4  | Huge Dmg: 10 dmg
 37723 | Abyss:4  | Huge Dmg: 20 dmg
 37843 | Elf:2    | Escaped the Abyss
 38735 | Elf:3    | Huge Dmg: 43 dmg
 38743 | Elf:3    | Huge Dmg: 24 dmg
 38745 | Elf:3    | Reached skill level 10 in Evocations
 38749 | Elf:3    | Reached skill level 21 in Unarmed Combat
 38954 | Elf:3    | Identified the ring "Quopah" {rC+ MP+9 Dex+2} (You found it on level 3 of the Elven Halls)
 39090 | Elf:3    | Huge Dmg: 52 dmg
 39168 | Elf:3    | Found the ring of Phasing {EV+8}
 39197 | Elf:3    | Identified the Almanac of the Glacier and Weightlessness
 39261 | Elf:3    | Identified the ring "Diucoklo" {+Fly rF+ rC+ Str-5} (You found it on level 3 of the Elven Halls)
 39271 | Elf:3    | Identified the ring of Somef {Fire rElec MR+ Int+4 Stlth+} (You found it on level 3 of the Elven Halls)
 39770 | Vaults:2 | Noticed Boris
 39783 | Vaults:2 | Killed Boris
 39783 | Vaults:2 | Reached XP level 22. HP: 217/217 MP: 28/28
 39968 | Vaults:2 | Found Pumoar's Assorted Antiques.
 39987 | Vaults:2 | Bought a scroll of teleportation for 114 gold pieces
 39987 | Vaults:2 | Bought a scroll of magic mapping for 133 gold pieces
 40068 | Vaults:2 | Huge Dmg: 48 dmg
 40167 | Vaults:2 | Huge Dmg: 21 dmg
 40212 | Vaults:2 | Huge Dmg: 35 dmg
 40217 | Vaults:2 | Huge Dmg: 21 dmg
 41325 | Vaults:2 | Found a staircase to the Crypt.
 41458 | Vaults:3 | Huge Dmg: 61 dmg
 41475 | Vaults:3 | Huge Dmg: 40 dmg
 42560 | Vaults:3 | Found Rohoiw's Antique Armour Shoppe.
 42734 | Vaults:3 | Bought shiny gold dragon scales for 2822 gold pieces
 43412 | Vaults:4 | Huge Dmg: 104 dmg
 43413 | Vaults:4 | Huge Dmg: 79 dmg
 43457 | Vaults:4 | Huge Dmg: 19 dmg
 43782 | Vaults:4 | Reached XP level 23. HP: 210/227 MP: 30/30
 44081 | Vaults:5 | Entered Level 5 of the Vaults
 44101 | Vaults:5 | Reached skill level 22 in Unarmed Combat
 44120 | Vaults:5 | Huge Dmg: 32 dmg
 44121 | Vaults:5 | Huge Dmg: 25 dmg
 44141 | Vaults:5 | Noticed Bai Suzhen
 44144 | Vaults:5 | Killed Bai Suzhen
 44180 | Vaults:5 | Huge Dmg: 19 dmg
 44182 | Vaults:5 | Huge Dmg: 20 dmg
 44466 | Vaults:5 | Got a silver rune of Zot
 44584 | Vaults:5 | Reached XP level 24. HP: 231/239 MP: 30/30
 44894 | Vaults:5 | Found the +0 mask of the Dragon {MR+ Slay+3 SInv}
 45816 | Crypt:1  | Entered Level 1 of the Crypt
 45968 | Crypt:1  | Reached skill level 23 in Unarmed Combat
 45978 | Crypt:1  | Huge Dmg: 95 dmg
 45980 | Crypt:1  | Huge Dmg: 56 dmg
 45981 | Crypt:1  | HP: 9/240 [dire elephant simulacrum[a curse skull] (39)]
 45982 | Crypt:1  | Huge Dmg: 82 dmg
 46000 | Crypt:1  | Huge Dmg: 18 dmg
 46006 | Crypt:1  | Huge Dmg: 12 dmg
 46518 | Depths:1 | Noticed a juggernaut
 46696 | Depths:1 | Found a gateway to Hell.
 46930 | Depths:1 | Found a sparkling altar of Nemelex Xobeh.
 47122 | Depths:2 | Noticed Asterion
 47143 | Depths:2 | Killed Asterion
 47145 | Depths:2 | Identified the +3 shield of Sir Yleh {Str+3} (You took it off Asterion on level 2 of the Depths)
 47461 | Depths:2 | Found Ziluem's Antique Weapon Boutique.
 47492 | Depths:2 | Found a one-way gate to the infinite horrors of the Abyss.
 47547 | Depths:2 | Found a runed door.
 47550 | Depths:2 | Noticed a juggernaut
 47572 | Depths:2 | Huge Dmg: 58 dmg
 47581 | Depths:2 | Huge Dmg: 33 dmg
 47583 | Depths:2 | Huge Dmg: 57 dmg
 47599 | Depths:2 | Huge Dmg: 12 dmg
 47953 | Depths:2 | Killed a juggernaut
 48356 | Depths:2 | Identified the +1 cloak "Yfibb" {+Fly rN++ Int-5 Stlth+} (You found it on level 2 of the Depths)
 48432 | Depths:2 | Identified the ring of Zoggoin {+Blink rElec Slay+3} (You took it off a spriggan berserker on level 2 of the Depths)
 48433 | Depths:2 | Identified the +6 fire dragon scales of Tatid Woq {+Inv rF++ rC- rN+ Int+4 Stlth+} (You took it off a spriggan berserker on level 2 of the Depths)
 48444 | Depths:2 | Noticed the Enchantress
 48471 | Depths:2 | Killed the Enchantress
 48474 | Depths:2 | Identified the +1 faerie dragon scales {+Fly MR+++ rCorr Int-5 Stlth+} (You took it off the Enchantress on level 2 of the Depths)
 48614 | Depths:2 | Found a gateway to a ziggurat.
 48724 | Depths:3 | Noticed Louise
 48731 | Depths:3 | Killed Louise
 48780 | Depths:3 | Noticed Saint Roka
 48786 | Depths:3 | Paralysed by a floating eye for 4 turns
 48789 | Depths:3 | Huge Dmg: 100 dmg
 48791 | Depths:3 | Reached XP level 25. HP: 119/249 MP: 31/31
 48799 | Depths:3 | Killed Saint Roka
 49251 | Depths:3 | Noticed Sojobo
 49262 | Depths:3 | Killed Sojobo
 49402 | Depths:3 | Gained mutation: You are very clumsy. (Dex -4) [a neqoxec]
 49403 | Depths:3 | Found a one-way gate leading to the halls of Pandemonium.
 49794 | Depths:3 | Huge Dmg: 57 dmg
 49819 | Depths:3 | Reached skill level 24 in Unarmed Combat
 49921 | Depths:3 | You fall through a shaft!
 49990 | Depths:4 | Huge Dmg: 54 dmg
 49993 | Depths:4 | Huge Dmg: 51 dmg
 49994 | Depths:4 | Huge Dmg: 45 dmg
 49995 | Depths:4 | Huge Dmg: 27 dmg
 50015 | Depths:4 | Huge Dmg: 55 dmg
 50020 | Depths:4 | Huge Dmg: 44 dmg
 50150 | Depths:4 | Reached skill level 15 in Fighting
 50439 | Depths:4 | Reached XP level 26. HP: 262/262 MP: 31/31
 51288 | Depths:2 | Voluntarily entered the Abyss.
 51593 | Abyss:2  | Found a corrupted altar of Lugonu.
 51815 | Abyss:2  | Gained mutation: Armour fits poorly on your strangely shaped body. [a neqoxec]
 52274 | Abyss:2  | Gained mutation: Your body sometimes deteriorates upon taking damage. [a neqoxec]
 52275 | Abyss:2  | Gained mutation: You are occasionally teleported next to monsters. [a neqoxec]
 52313 | Abyss:2  | Gained mutation: You are sometimes teleported next to monsters. [a neqoxec]
 52314 | Abyss:2  | Gained mutation: You tend to lose your temper in combat. [a neqoxec]
 52317 | Abyss:2  | Gained mutation: You are dopey. (Int -2) [a neqoxec]
 52318 | Abyss:2  | Lost mutation: You are very clumsy. (Dex -4) [a neqoxec]
 52324 | Abyss:2  | Paralysed by accursed screaming for 2 turns
 52393 | Abyss:2  | Lost mutation: You are resistant to hostile enchantments. (MR+) [potion of mutation]
 52393 | Abyss:2  | Lost mutation: Your body sometimes deteriorates upon taking damage. [potion of mutation]
 52393 | Abyss:2  | Lost mutation: You are sometimes teleported next to monsters. [potion of mutation]
 52393 | Abyss:2  | Lost mutation: You are clumsy. (Dex -2) [potion of mutation]
 52393 | Abyss:2  | Lost mutation: You expend magic power (3 MP) to strengthen your wands. [potion of mutation]
 52393 | Abyss:2  | Gained mutation: Your flesh is cold resistant. (rC+) [potion of mutation]
 52394 | Abyss:2  | Lost mutation: Your flesh is cold resistant. (rC+) [potion of mutation]
 52394 | Abyss:2  | Lost mutation: Armour fits poorly on your strangely shaped body. [potion of mutation]
 52394 | Abyss:2  | Lost mutation: You tend to lose your temper in combat. [potion of mutation]
 52394 | Abyss:2  | Lost mutation: You are dopey. (Int -2) [potion of mutation]
 52394 | Abyss:2  | Gained mutation: Your muscles are strong. (Str +2) [potion of mutation]
 52394 | Abyss:2  | Gained mutation: You occasionally shout uncontrollably at your foes. [potion of mutation]
 52394 | Abyss:2  | Gained mutation: You are robust. (+10% HP) [potion of mutation]
 52616 | Abyss:3  | Gained mutation: You are dopey. (Int -2) [a cacodemon]
 52623 | Abyss:3  | Reached skill level 25 in Unarmed Combat
 52933 | Abyss:3  | Found a corrupted altar of Lugonu.
 52948 | Abyss:3  | Found a corrupted altar of Lugonu.
 53267 | Abyss:4  | Gained mutation: Scrolls take you a little longer to read. [a neqoxec]
 53368 | Abyss:4  | Paralysed by accursed screaming for 1 turns
 53373 | Abyss:4  | Paralysed by accursed screaming for 2 turns
 53380 | Abyss:4  | Paralysed by accursed screaming for 2 turns
 53386 | Abyss:4  | Paralysed by accursed screaming for 2 turns
 53396 | Abyss:4  | Huge Dmg: 53 dmg
 53399 | Depths:2 | Escaped the Abyss
 53641 | Depths:2 | Voluntarily entered the Abyss.
 53678 | Depths:2 | Escaped the Abyss
 53831 | Depths:2 | Voluntarily entered the Abyss.
 53924 | Abyss:1  | Reached XP level 27. HP: 290/300 MP: 32/32
 54121 | Abyss:2  | Gained mutation: Your magical capacity is low. (-10% MP) [a neqoxec]
 54181 | Abyss:2  | Huge Dmg: 142 dmg
 54216 | Abyss:2  | Gained mutation: You are sometimes teleported next to monsters. [a neqoxec]
 54409 | Abyss:3  | Found a corrupted altar of Lugonu.
 54411 | Abyss:3  | Found a corrupted altar of Lugonu.
 54725 | Abyss:4  | Found an ancient bone altar of Kikubaaqudgha.
 54953 | Abyss:4  | Huge Dmg: 136 dmg
 55166 | Abyss:4  | Huge Dmg: 142 dmg
 55306 | Abyss:4  | Reached skill level 26 in Unarmed Combat
 55313 | Abyss:4  | Huge Dmg: 126 dmg
 55316 | Abyss:4  | Huge Dmg: 64 dmg
 55325 | Abyss:4  | Got an abyssal rune of Zot
 55531 | Abyss:4  | Huge Dmg: 23 dmg
 55545 | Abyss:4  | Huge Dmg: 13 dmg
 55558 | Abyss:4  | Huge Dmg: 8 dmg
 55574 | Abyss:4  | Huge Dmg: 19 dmg
 55578 | Abyss:4  | Huge Dmg: 13 dmg
 55584 | Abyss:4  | Huge Dmg: 9 dmg
 55586 | Abyss:4  | Huge Dmg: 9 dmg
 55587 | Abyss:4  | HP: 9/302 [hellion/damnation (26)]
 55588 | Abyss:4  | Huge Dmg: 26 dmg
 55683 | Abyss:4  | HP: 13/302 [hellion/damnation (25)]
 55684 | Abyss:4  | Huge Dmg: 25 dmg
 55687 | Abyss:4  | Huge Dmg: 25 dmg
 55690 | Abyss:5  | Entered Level 5 of the Abyss
 55769 | Abyss:5  | Huge Dmg: 35 dmg
 55945 | Abyss:5  | Found a shimmering altar of Xom.
 55946 | Abyss:5  | Huge Dmg: 46 dmg
 55969 | Depths:2 | Escaped the Abyss
 56206 | Depths:5 | Entered Level 5 of the Depths
 56335 | Depths:5 | Got a pitted shield
 56338 | Depths:5 | Identified the +2 shield of Suamoh {rC- Int+4 Dex+8} (You acquired it on level 5 of the Depths)
 56870 | Depths:5 | Found a gate to the Realm of Zot.
 56875 | Depths:5 | Huge Dmg: 60 dmg
 57039 | Depths:5 | Found a sparkling altar of Nemelex Xobeh.
 57521 | Zot:1    | Entered Level 1 of the Realm of Zot
 58268 | Zot:1    | Lost mutation: Your magical capacity is low. (-10% MP) [potion of mutation]
 58268 | Zot:1    | Lost mutation: You are robust. (+10% HP) [potion of mutation]
 58268 | Zot:1    | Lost mutation: Scrolls take you a little longer to read. [potion of mutation]
 58268 | Zot:1    | Gained mutation: You passively map a small area around you. [potion of mutation]
 58268 | Zot:1    | Gained mutation: Your magical capacity is low. (-10% MP) [potion of mutation]
 58268 | Zot:1    | Gained mutation: Your magical capacity is very low. (-20% MP) [potion of mutation]
 58268 | Zot:1    | Gained mutation: Your muscles are very strong. (Str +4) [potion of mutation]
 58269 | Zot:1    | Lost mutation: Your muscles are very strong. (Str +4) [potion of mutation]
 58269 | Zot:1    | Lost mutation: Your muscles are strong. (Str +2) [potion of mutation]
 58269 | Zot:1    | Lost mutation: You are dopey. (Int -2) [potion of mutation]
 58269 | Zot:1    | Lost mutation: You passively map a small area around you. [potion of mutation]
 58269 | Zot:1    | Lost mutation: You are sometimes teleported next to monsters. [potion of mutation]
 58269 | Zot:1    | Gained mutation: Your mind is acute. (Int +2) [potion of mutation]
 58269 | Zot:1    | Gained mutation: Potions are less effective at restoring your health. [potion of mutation]
 58269 | Zot:1    | Gained mutation: You are somewhat resistant to further mutation. [potion of mutation]
 58270 | Zot:1    | Lost mutation: You occasionally shout uncontrollably at your foes. [potion of mutation]
 58270 | Zot:1    | Lost mutation: Potions are less effective at restoring your health. [potion of mutation]
 58270 | Zot:1    | Lost mutation: You are somewhat resistant to further mutation. [potion of mutation]
 58270 | Zot:1    | Gained mutation: Your spells are a little harder to cast, but a little more powerful. [potion of mutation]
 58271 | Zot:1    | Lost mutation: Your mind is acute. (Int +2) [potion of mutation]
 58271 | Zot:1    | Lost mutation: Your magical capacity is very low. (-20% MP) [potion of mutation]
 58271 | Zot:1    | Lost mutation: You are partially covered in iridescent scales. (AC +2) [potion of mutation]
 58271 | Zot:1    | Gained mutation: Potions are less effective at restoring your health. [potion of mutation]
 58271 | Zot:1    | Gained mutation: You are robust. (+10% HP) [potion of mutation]
 58272 | Zot:1    | Lost mutation: Potions are less effective at restoring your health. [potion of mutation]
 58272 | Zot:1    | Lost mutation: Your spells are a little harder to cast, but a little more powerful. [potion of mutation]
 58272 | Zot:1    | Lost mutation: Your magical capacity is low. (-10% MP) [potion of mutation]
 58272 | Zot:1    | Gained mutation: Your flesh is cold resistant. (rC+) [potion of mutation]
 58272 | Zot:1    | Gained mutation: You have sharp toenails. [potion of mutation]
 58272 | Zot:1    | Lost mutation: You are robust. (+10% HP) [potion of mutation]
 58272 | Zot:1    | Gained mutation: Your muscles are strong. (Str +2) [potion of mutation]
 58295 | Zot:2    | Huge Dmg: 104 dmg
 58298 | Zot:2    | Huge Dmg: 34 dmg
 58299 | Zot:2    | Huge Dmg: 41 dmg
 58301 | Zot:2    | Huge Dmg: 33 dmg
 58302 | Zot:2    | Huge Dmg: 7 dmg
 58302 | Zot:2    | HP: 12/276 [ghost moth (11)]
 58302 | Zot:2    | HP: 3/276 [golden dragon (5)]
 58303 | Zot:2    | Huge Dmg: 20 dmg
 58303 | Zot:2    | Killed from afar by a deathcap

Vault maps used:
D:1:      dpeg_arrival_solitude
D:2:      minmay_roachtagon, bloody_trog, uniq_jessica, uniq_terence
D:3:      uniq_crazy_yiuf_cottage
D:4:      cheibrodos_fertilizer, serial_forest, infiniplex_forest_lined_2,
          infiniplex_forest_clump_curved, infiniplex_forest_straight_4,
          infiniplex_forest_straight_4, infiniplex_forest_straight_4,
          infiniplex_forest_clump_tiny, infiniplex_forest_lined_corner,
          st_stairs_7, uniq_blork_the_orc, uniq_natasha, uniq_menkaure
D:5:      minitemple, minmay_temple_entry_mist, first_ration,
          portal_sewer_entry_e
D:6:      nicolae_dithmenos_shadow_blocks
D:7:      nicolae_ossuary_entry_ruins, grunt_livestock, roderic_malta_cross,
          uniq_prince_ribbit1
D:8:      gammafunk_ghost_spectres
D:9:      lemuel_round_altar, erik_lair_island, special_room
D:10:     orc_0_dummy, uniq_erica, uniq_josephine
D:11:     nicolae_lava_and_water
D:12:     enter_bailey_2
D:13:     david_vaults_1
D:14:     nicolae_trove_entry_crystal, uniq_urug
D:15:     grunt_enter_depths_snipers, hangedman_decor_riveting, basic_altar
Lair:1:   minmay_holes
Lair:2:   minivault_26
Lair:3:   shoals_dummy_entry, guppyfry_snake_entry_island, serial_bayou_shore_b,
          grunt_megastairs_5
Lair:4:   basic_altar, grunt_forest_large_clearing_hut,
          infiniplex_staircase_pool
Lair:5:   minmay_slime_entry_pillars
Lair:6:   cheibrodos_lair_end_hotspot, st_stairs_4
Shoals:2: nicolae_shoals_siren_and_animal_friends, uniq_polyphemus
Shoals:3: uniq_nikola
Shoals:4: shoals_end_grunt_garden, serial_shops, shop, nicolae_alphabet_shops,
          hangedman_shoal_volcano
Snake:1:  hangedman_cross_stitches, hangedman_snake_thin_pillar_pass
Snake:3:  nicolae_snake_horde_hoard, minmay_shoptagon
Snake:4:  minmay_snake_end_coiled, gammafunk_ghost_arena
Orc:1:    serial_shops, shop, ebering_ghost_xom, okawaru_metal_pillars_1_2,
          uniq_fannar
Orc:2:    st_orc_town, serial_shops, nicolae_shop_window_shopping
Elf:1:    minmay_elf_arrival_summoners, basic_altar, serial_shops, shop, shop,
          shop, minivault_28, minmay_misc_feat_pillars,
          hangedman_elf_targetted_burst, st_stairs_4,
          small_chamber_with_monster, hangedman_summoners_spam, uniq_roxanne
Elf:2:    grunt_ministairs_10
Elf:3:    grunt_elf_hall_asides, minivault_26, basic_stair_grate_trap
Vaults:1: nicolae_vaults_octagons, v_alt_pattern_1, v_misc_14,
          nicolae_vaults_hallways_thing, v_misc_18, vaults_room_door_ring,
          nicolae_vaults_network_quinsquares, nicolae_vaults_puzzle_piece,
          ontoclasm_vaults_ring_small, hangedman_vaults_snaps,
          vaults_room_stairs_pillars, nicolae_vaults_little_squares_6,
          nicolae_vaults_border_crossing, nicolae_vaults_mini_display_case,
          uniq_aizul
Vaults:2: vaults_dpeg_doors, minmay_crypt_entry_vampire_xt, st_smaller_cells,
          nicolae_vaults_angled_halls, vaults_dpeg_ring, hangedman_vaults_locks,
          ontoclasm_vaults_spin, nicolae_vaults_angled_halls, vaults_dpeg_hooks,
          serial_shops, shop_fountains, uniq_boris
Vaults:3: nicolae_vaults_know_your_exits, nicolae_vaults_theta,
          nicolae_vaults_ninety_degrees, v_alt_pattern_2, v_misc_28,
          nicolae_vaults_alarming, ontoclasm_vaults_tryst, v_misc_13,
          ontoclasm_vaults_chip, serial_shops, shop
Vaults:4: v_misc_26, vaults_room_corners, vaults_room_fancy_cross, v_misc_30,
          hangedman_vaults_stream, v_alt_pattern_6, v_pattern_1,
          grunt_vaults_bifocal, nicolae_vaults_little_squares_5,
          nicolae_vaults_big_angled_halls
Vaults:5: uniq_bai_suzhen
Crypt:1:  lemuel_mausoleum_altar_kikubaaqudgha
Depths:1: lightli_too_deep, nemelex_xobeh_ov_fountains_minmay,
          hangedman_decor_cross_pass
Depths:2: grunt_forest_end_winery, enter_ziggurat_d, abyss_entry,
          pf_coc_iceberg, serial_shops, shop, minmay_st_funbox, uniq_asterion
Depths:3: minmay_quarter_circles, grunt_pan_entry_spiral, dk_noncrumbling_4,
          nicolae_abyss_entry_one_way_or_another, hell_entry, uniq_saint_roka,
          uniq_sojobo
Depths:4: hangedman_box_tower, hell_entry, roderic_roman_lattice, abyss_entry
Depths:5: lemuel_castle_with_subvaults, minmay_misc_feat_rugged, hellmouth_1,
          nemelex_diamond_rough_becter
Abyss:2:  grunt_abyss_exit_deep_breaths, eino_small_chamber_without_monster,
          evilmike_abyss_exit_12, eino_small_chamber_without_monster
Abyss:3:  hangedman_cross_veins, evilmike_nicolae_abyss_rune_containment_curve,
          hangedman_abyss_feature_spike, hangedman_abyss_theft,
          hangedman_abyss_exit_choices, hangedman_abyss_sting,
          evilmike_abyss_rune_ettins, minivault_4, minivault_23
Abyss:4:  evilmike_abyss_exit_kraken, hangedman_abyss_or_decor_lesser_grid,
          minivault_20, evilmike_abyss_rune_ettins, evilmike_abyss_exit_17
Abyss:5:  evilmike_abyss_exit_13
Trove:    trove_armour_2
Sewer:    kennysheep_pipe_town
Ossuary:  ossuary_due_cavern
Bailey:   bailey_polearm_2, bailey

Skill      XL: |  1  2  3  4  5  6  7  8  9 10 11 12 13 14 15 16 17 18 19 20 21 22 23 24 25 26 27 |
---------------+----------------------------------------------------------------------------------+-----
Unarmed Combat | 3 4 5 6 7 9 11 13 14 16 17 18 19 20 21 22 23 24 25 26 | 26.9
Shields        | 3 4 5 6 7 8 9 10 11 12 13 14 15 | 15.4
Fighting       | 4 6 7 8 9 10 11 12 13 14 15 16 | 16.9
Armour         | 1 4 6 7 9 11 13 14 15 16 17 18 19 20 21 22 | 22.2
Dodging        | 4 5 6 7 8 9 10 11 12 | 12.6
Evocations     | 2 4 5 6 7 8 9 10 11 12 13 14 | 14.7

Action                   |  1- 3 |  4- 6 |  7- 9 | 10-12 | 13-15 | 16-18 | 19-21 | 22-24 | 25-27 || total
-------------------------+-------+-------+-------+-------+-------+-------+-------+-------+-------++-------
Melee: Unarmed           |    47 |   222 |   403 |   642 |  1816 |  1930 |  2346 |  2093 |  2841 || 12340
       Kick              |       |       |       |       |       |       |       |       |     3 ||     3
Invok: Lunge             |       |       |    20 |    43 |   156 |   184 |   173 |   156 |   220 ||   952
       Whirlwind         |       |       |    13 |    89 |   315 |   420 |   864 |   706 |   841 ||  3248
       Wall Jump         |       |       |     8 |    35 |    19 |    25 |    36 |    27 |    95 ||   245
       Serpent's Lash    |       |       |       |     3 |     2 |     3 |     3 |     9 |     4 ||    24
       Heavenly Storm    |       |       |       |     1 |     3 |     2 |     4 |     3 |     1 ||    14
 Abil: Evoke Invisibilit |       |       |       |       |       |     1 |     1 |       |       ||     2
Evoke: Wand              |       |       |       |     9 |    33 |     1 |    13 |    14 |    11 ||    81
       Lamp of fire      |       |       |       |       |       |     1 |     1 |       |     1 ||     3
       Lightning rod     |       |       |       |       |       |       |       |       |    11 ||    11
       Fan of gales      |       |       |       |       |       |       |       |       |     1 ||     1
       Phial of floods   |       |       |       |       |       |       |       |       |     1 ||     1
  Use: Scroll            |       |     4 |     4 |    21 |     8 |    12 |    12 |    20 |    11 ||    92
       Potion            |       |       |     4 |     3 |     2 |     9 |    16 |     7 |    23 ||    64
 Stab: Sleeping          |       |       |     1 |     1 |       |       |       |       |       ||     2
       Distracted        |       |       |       |     1 |       |       |       |     1 |       ||     2
       Petrified         |       |       |       |     3 |       |       |       |       |       ||     3
       Paralysed         |       |       |       |       |     4 |       |       |       |       ||     4
       Confused          |       |       |       |       |     1 |       |       |       |       ||     1
       Invisible         |       |       |       |       |       |    18 |     3 |       |     3 ||    24
  Eat: Chunk             |     8 |    16 |    38 |    48 |   103 |    90 |    60 |    82 |    60 ||   505
       Ration            |       |       |       |       |       |       |     5 |     3 |    10 ||    18
Armor: Robe              |     9 |    94 |   100 |    52 |       |       |       |       |       ||   255
       Fire dragon scale |       |       |       |    72 |   271 |       |       |       |       ||   343
       Ice dragon scales |       |       |       |       |    43 |   114 |       |       |       ||   157
       Pearl dragon scal |       |       |       |       |       |   237 |   373 |    64 |       ||   674
       Gold dragon scale |       |       |       |       |       |       |       |   156 |   358 ||   514
Dodge: Dodged            |    13 |    64 |    91 |   128 |   173 |   426 |   456 |   258 |   467 ||  2076
Block: Shield            |    10 |    87 |   127 |   187 |       |       |       |       |       ||   411
       Large shield      |       |       |       |   112 |  1314 |  1601 |  1466 |  1344 |  1842 ||  7679
       Reflection        |       |       |       |       |       |       |     3 |   161 |    79 ||   243

Table legend:
 A = Spawn XP
 B = Non-spawn XP
 C = Spawn XP percentage of total XP
 D = Spawn monster count
 E = Non-spawn monster count
 F = Spawn count percentage of total count
 G = Total turns spent on level
                    A         B        C        D         E        F      G
               +---------+---------+-------+---------+---------+-------+---------
         Total |  231865 | 1587557 |  12.7 |     402 |    2820 |  12.5 | 58303
               +---------+---------+-------+---------+---------+-------+---------
           D:1 |       0 |      23 |   0.0 |       0 |      13 |   0.0 |   179
           D:2 |       0 |     135 |   0.0 |       0 |      29 |   0.0 |   633
           D:3 |       0 |     211 |   0.0 |       0 |      35 |   0.0 |   951
           D:4 |       0 |     846 |   0.0 |       0 |      38 |   0.0 |  1669
           D:5 |       0 |     592 |   0.0 |       0 |      25 |   0.0 |   853
           D:6 |       0 |     796 |   0.0 |       0 |      15 |   0.0 |   533
           D:7 |       0 |    2041 |   0.0 |       0 |      28 |   0.0 |   941
           D:8 |       0 |    4352 |   0.0 |       0 |      27 |   0.0 |   996
           D:9 |       0 |    2292 |   0.0 |       0 |      27 |   0.0 |   941
          D:10 |       0 |    4415 |   0.0 |       0 |      27 |   0.0 |  1038
          D:11 |       0 |    4386 |   0.0 |       0 |      40 |   0.0 |  1091
          D:12 |       0 |    2876 |   0.0 |       0 |      24 |   0.0 |  1060
          D:13 |       0 |   11209 |   0.0 |       0 |      36 |   0.0 |   714
          D:14 |       0 |   13334 |   0.0 |       0 |      40 |   0.0 |  1177
          D:15 |       0 |   19985 |   0.0 |       0 |      55 |   0.0 |  1249
        Lair:1 |       0 |    4836 |   0.0 |       0 |      19 |   0.0 |   945
        Lair:2 |       0 |    7498 |   0.0 |       0 |      32 |   0.0 |  1005
        Lair:3 |       0 |    6582 |   0.0 |       0 |      32 |   0.0 |   888
        Lair:4 |       0 |   10913 |   0.0 |       0 |      33 |   0.0 |  1103
        Lair:5 |       0 |    6380 |   0.0 |       0 |      23 |   0.0 |   834
        Lair:6 |       0 |   20482 |   0.0 |       0 |      90 |   0.0 |  1426
      Shoals:1 |       0 |   15580 |   0.0 |       0 |      26 |   0.0 |   685
      Shoals:2 |       0 |   25603 |   0.0 |       0 |      46 |   0.0 |   840
      Shoals:3 |       0 |   11989 |   0.0 |       0 |      19 |   0.0 |   580
      Shoals:4 |       0 |   49847 |   0.0 |       0 |      99 |   0.0 |  1163
       Snake:1 |       0 |   21456 |   0.0 |       0 |      37 |   0.0 |  1332
       Snake:2 |       0 |   19475 |   0.0 |       0 |      43 |   0.0 |   699
       Snake:3 |       0 |   27260 |   0.0 |       0 |      54 |   0.0 |   589
       Snake:4 |       0 |   47491 |   0.0 |       0 |      74 |   0.0 |  1249
         Orc:1 |       0 |    6160 |   0.0 |       0 |      36 |   0.0 |   684
         Orc:2 |       0 |   12293 |   0.0 |       0 |     105 |   0.0 |  1247
         Elf:1 |       0 |   33557 |   0.0 |       0 |      66 |   0.0 |  1746
         Elf:2 |       0 |   31948 |   0.0 |       0 |      44 |   0.0 |  1026
         Elf:3 |       0 |   44092 |   0.0 |       0 |      41 |   0.0 |  1316
      Vaults:1 |       0 |   99889 |   0.0 |       0 |     151 |   0.0 |  2226
      Vaults:2 |       0 |   46752 |   0.0 |       0 |      80 |   0.0 |  2037
      Vaults:3 |       0 |   57286 |   0.0 |       0 |      90 |   0.0 |  1510
      Vaults:4 |       0 |   34800 |   0.0 |       0 |      62 |   0.0 |  1247
      Vaults:5 |       0 |  177693 |   0.0 |       0 |     147 |   0.0 |  1553
       Crypt:1 |       0 |    8127 |   0.0 |       0 |      21 |   0.0 |   192
      Depths:1 |       0 |   60718 |   0.0 |       0 |      76 |   0.0 |   948
      Depths:2 |       0 |   60322 |   0.0 |       0 |      51 |   0.0 |  1987
      Depths:3 |       0 |   71966 |   0.0 |       0 |      71 |   0.0 |  1260
      Depths:4 |       0 |  118525 |   0.0 |       0 |      82 |   0.0 |  1357
      Depths:5 |       0 |   99534 |   0.0 |       0 |     111 |   0.0 |  1315
         Zot:1 |       0 |   58310 |   0.0 |       0 |      34 |   0.0 |   766
         Zot:2 |       0 |    1304 |   0.0 |       0 |       1 |   0.0 |    16
       Abyss:1 |   22593 |   39087 |  36.6 |      14 |      39 |  26.4 |   280
       Abyss:2 |   39840 |   45315 |  46.8 |      82 |      97 |  45.8 |  2350
       Abyss:3 |   52915 |   51514 |  50.7 |     104 |      96 |  52.0 |  1740
       Abyss:4 |   93427 |   78493 |  54.3 |     170 |     161 |  51.4 |  2585
       Abyss:5 |   23090 |    3787 |  85.9 |      32 |      10 |  76.2 |   279
         Sewer |       0 |     419 |   0.0 |       0 |      24 |   0.0 |   265
       Ossuary |       0 |     596 |   0.0 |       0 |      13 |   0.0 |   309
        Bailey |       0 |    2185 |   0.0 |       0 |      25 |   0.0 |   527
               +---------+---------+-------+---------+---------+-------+---------
